 Dungeon Crawl Stone Soup version 0.31-a0-920-g28cbb04a8c (webtiles) character file.

Game seed: 5402413609727410931

3597 MachoJfn the Thaumaturge (level 10, 0/74 HPs)
             Began as a Djinni Ice Elementalist on Oct 17, 2023.
             Was a Plaything of Xom.
             Slain by Joseph
             ... wielding a +0 quarterstaff
              (6 damage)
             ... on level 8 of the Dungeon.
             The game lasted 00:36:27 (9274 turns).

MachoJfn the Thaumaturge (Djinni Ice Elementalist)  Turns: 9274, Time: 00:36:28

Health: 0/74       AC:  9    Str: 10    XL:     10   Next: 31%
Gold:   988        EV: 14    Int: 23    God:    Xom [..*...] SH:  0 Dex: 19

rFire   + + +        n - +3 spear (venom)
rCold   . . .        (no shield)
rNeg    . . .        a - +1 robe
rPois   ∞            (helmet unavailable)
rElec   .            o - scarf {rC+ rF+}
rCorr   .            (no gloves)
SInv    +            (boots unavailable)
Will    ++...        (no amulet)
Stlth   +++          g - +6 ring of dexterity
HPRegen 0.32/turn    (no ring)
MPRegen 0.00/turn

%: infuse magic (-1 HP)
@: freezing walls, flying
A: sickness immunity, fire resistance 3, cold vulnerability 1, float, innate
caster, HP casting, extra vitality 1, antennae 3, fangs 1, iridescent scales 3,
clever 1, strong-willed 1, sense surroundings 3, robust 2, strong 1, wild magic
1, MP-powered wands
a: Renounce Religion


You were on level 8 of the Dungeon.
You worshipped Xom.
You were a toy of Xom.
You visited 2 branches of the dungeon, and saw 9 of its levels.

You collected 988 gold pieces.

Inventory:

Hand Weapons
 n - a +3 spear of venom (weapon)
 q - a +3 quarterstaff of chaos
 D - a +0 glaive of distortion
Missiles
 b - 42 stones
 d - a throwing net
 u - 6 poisoned darts
Armour
 a - a +1 robe (worn)
 o - a scarf of resistance (worn)
 p - an orb of wrath
 E - +0 swamp dragon scales
Jewellery
 g - a +6 ring of dexterity (left hand)
Wands
 j - a wand of flame (46)
 v - a wand of iceblast (25)
 y - a wand of mindburst (18)
 B - a wand of paralysis (7)
Scrolls
 c - a scroll of fear
 e - 3 scrolls of identify
 k - a scroll of noise
 l - a scroll of poison
 w - 2 scrolls of teleportation
 A - a scroll of brand weapon
 C - a scroll of immolation
Potions
 f - a potion of haste
 i - a potion of resistance
 m - 2 potions of attraction
 r - 2 potions of berserk rage
 s - a potion of degeneration
 x - 2 potions of enlightenment
 z - a potion of mutation


   Skills:
 - Level 1.3 Fighting
 + Level 0.4 Polearms
 + Level 4.6 Dodging
 + Level 3.7 Stealth
 * Level 10.3 Spellcasting
 * Level 10.3 Conjurations
 * Level 10.3 Hexes
 * Level 10.3 Summonings
 * Level 10.3 Necromancy
 * Level 10.3 Translocations
 * Level 10.3 Transmutations
 * Level 10.3 Fire Magic
 * Level 10.3 Ice Magic
 * Level 10.3 Air Magic
 * Level 10.3 Earth Magic
 * Level 10.3 Poison Magic
 + Level 0.7 Evocations


You knew the following spells:

 Your Spells              Type           Power      Damage    Failure   Level
a - Freeze                Ice            100%       1d10      1%          1
b - Frozen Ramparts       Ice            100%       1d16      1%          3
c - Ozocubu's Armour      Ice            67%        N/A       1%          3
d - Summon Ice Beast      Ice/Summ       67%        N/A       1%          4
e - Shock                 Conj/Air       100%       1d9       1%          1
f - Scorch                Fire           100%       2d9       1%          2
g - Wereblood             Tmut           67%        N/A       1%          2
h - Summon Lightning Spi  Summ/Air       67%        N/A       1%          4
Your spell library was empty.

Dungeon Overview and Level Annotations

Branches:
Dungeon (8/15)             Temple (1/1) D:4
   Lair: D:8-11

Altars:
Ashenzari
Cheibriados
Dithmenos
Fedhas
Gozag
Hepliaklqana
Makhleb
Nemelex Xobeh
Okawaru
Qazlal
Ru
Trog
Uskayaw
Wu Jian
Xom
Yredelemnul

Shops:
D:1 *   D:7 (

Annotations:
D:8 Joseph


Innate Abilities, Weirdness & Mutations

You are immune to sickness and miasma.
You are immune to poison.
Your flesh is almost immune to the effects of heat. (rF+++)
You are vulnerable to cold. (rC-)
You float through the air rather than walking.
You learn spells naturally, not from books.
Your magical power is your life essence.
You have superior vitality. (+4 MHP)
You have a pair of large antennae on your head. (SInv)
You have very sharp teeth.
You are completely covered in iridescent scales. (AC +6)
Your mind is acute. (Int +4, Str/Dex -1)
You are strong-willed. (Will+)
You passively map a large area around you.
You are very robust. (+20% HP)
Your muscles are strong. (Str +4, Int/Dex -1)
Your spells are a little harder to cast, but a little more powerful.
You expend health (3 HP) to strengthen your wands.


Message History

The sling bullet hits you.
* * * LOW HITPOINT WARNING * * *
The frozen ramparts melt away as you move.
Joseph shouts, "I love to fight!
I love killing!"
Joseph shoots a sling bullet.
The sling bullet hits you!
* * * LOW HITPOINT WARNING * * *
Found two robes. "This place needs a little more atmosphere."
You feel better.
Casting: Summon Ice Beast (dangerous; 1% risk of failure)
Confirm with . or Enter, or press ? or * to list all spells.
Casting: Frozen Ramparts (safe; 1% risk of failure)
Press: ? - help, Dir - look around, f - activate The walls around you are covered in ice.
* * * LOW HITPOINT WARNING * * *
The wall freezes Joseph!
Joseph unwields a +3 sling of flaming.
It stops flaming.
Joseph wields a +0 quarterstaff.
Joseph barely misses you.
Your ice beast is engulfed in seething chaos.
Casting: Frozen Ramparts (safe; 1% risk of failure)
Confirm with . or Enter, or press ? or * to list all spells.
Aiming: Freeze (safe; 1% risk of failure)
Press: ? - help, Shift-Dir - straight line, f - Joseph
Aim: Joseph, wielding a +0 quarterstaff and wearing a +1 ring mail of fire resistance (heavily wounded, ally target)
You freeze Joseph.
Joseph is severely wounded.
* * * LOW HITPOINT WARNING * * *
The wall freezes Joseph but does no damage.
Joseph hits you with a +0 quarterstaff!
* * * LOW HITPOINT WARNING * * *
Casting: Freeze (safe; 1% risk of failure)
Confirm with . or Enter, or press ? or * to list all spells.
Aiming: Freeze (safe; 1% risk of failure)
Press: ? - help, Shift-Dir - straight line, f/p - Joseph
Aim: Joseph, wielding a +0 quarterstaff and wearing a +1 ring mail of fire resistance (severely wounded, ally target)
You freeze Joseph.
Joseph is severely wounded.
* * * LOW HITPOINT WARNING * * *
The wall freezes Joseph!
Joseph hits you with a +0 quarterstaff.
You die... "I guess I need a new plaything now."

, * , ***,* ,* * *
........# * , ........#
., , *, #........# ? ,
#.......[###., * *
#.....$..#.. * * ,,
........#.# ,, , , ,, *
......@Y#.# ##. * .. *
*#..#@..# #..* ..
#.###..##§#######..####..
#........................
#......#.########........
##.###.#.########.#......
,* ..#.##..............
#.##..........#.<.<[♣ *#.
###...###..##....♣
#.*###...###..###.#.♣


You could see Joseph (ally target) and a friendly ice beast (summoned).

Vanquished Creatures
  Maggie (D:8)
  Psyche (D:8)
  A wyvern (D:8)
  A steam dragon (D:7)
  Menkaure (D:5)
  A water moccasin (D:7)
  An ice beast (D:6)
  2 black bears
  A phantom (D:4)
  A gnoll sergeant (D:5)
  A bullfrog (D:8)
  A scorpion (D:5)
  3 wights
  3 howler monkeys
  3 hounds
  A gnoll bouda (D:7)
  A sleepcap (D:7)
  Crazy Yiuf (D:6)
  3 iron imps (D:4)
  3 jellies
  4 orc priests
  6 iguanas
  Ijyb (D:4)
  7 orc wizards
  9 gnolls
  12 adders
  2 white imps
  4 ufetubi
  5 dart slugs
  11 orcs
  6 ball pythons
  4 bats
  8 endoplasms
  8 giant cockroaches
  3 goblins (D:1)
  7 hobgoblins
  3 jackals (D:1)
  6 kobolds
  2 quokkas
  6 frilled lizards
  A rat (D:3)
146 creatures vanquished.

Vanquished Creatures (collateral kills)
  A water moccasin (D:5)
  A black bear (D:4)
  A centaur (D:5)
  A scorpion (D:4)
  A wight (D:8)
  4 gnolls
  A shadow imp (D:7)
  A giant cockroach (D:5)
  A quokka (D:5)
12 creatures vanquished.

Vanquished Creatures (others)
  An unseen horror (D:7)
1 creature vanquished.

Grand Total: 159 creatures vanquished

Notes
Turn   | Place    | Note
-------+----------+-------------------------------------------
     0 | D:1      | MachoJfn the Djinni Ice Elementalist began the quest for
                  | the Orb.
     0 | D:1      | MachoJfn set off with the following spells memorised:
                  | Freeze, Frozen Ramparts, Ozocubu's Armour, Summon Ice
                  | Beast.
     0 | D:1      | Reached XP level 1. HP: 15/15 MP: 0/0
    77 | D:1      | Reached XP level 2. HP: 16/21 MP: 0/0
   181 | D:1      | Reached XP level 3. HP: 20/25 MP: 0/0
   181 | D:1      | Learned a level 1 spell: Shock
   682 | D:1      | Found a faded altar of an unknown god.
   693 | D:1      | Prayed at the altar of an unknown god.
   693 | D:1      | Became a worshipper of Xom the Chaotic
   695 | D:1      | XOM: silly message
   917 | D:1      | Found Kamiar's General Store.
  1039 | D:2      | XOM: god gift: scroll labelled ECZYMA FOIG {god gift}
  1132 | D:2      | Reached XP level 4. HP: 29/31 MP: 0/0
  1227 | D:2      | You are sucked into a shaft and drop 1 floor!
  1376 | D:2      | XOM: 6-stop teleportation journey
  1746 | D:2      | XOM: silly message
  2166 | D:3      | Gained mutation: You are partially covered in iridescent
                  | scales. (AC +2) [potion of mutation]
  2166 | D:3      | Gained mutation: You have a pair of small antennae on your
                  | head. [potion of mutation]
  2166 | D:3      | Gained mutation: You have a pair of antennae on your head.
                  | [potion of mutation]
  2365 | D:3      | Reached XP level 5. HP: 34/35 MP: 0/0
  2365 | D:3      | Learned a level 2 spell: Scorch
  2490 | D:3      | XOM: 1-stop teleportation journey
  2944 | D:3      | XOM: give mutations
  2944 | D:3      | Gained mutation: You are robust. (+10% HP) [Xom's mischief]
  2944 | D:3      | Gained mutation: You have very sharp teeth. [Xom's
                  | mischief]
  3450 | D:4      | Noticed a phantom
  3457 | D:4      | XOM: stat loss: -1 Dex (19/20)
  3468 | D:4      | Killed a phantom
  3469 | D:4      | Reached skill level 5 in Spellcasting
  3469 | D:4      | Reached skill level 5 in Conjurations
  3469 | D:4      | Reached skill level 5 in Hexes
  3469 | D:4      | Reached skill level 5 in Summonings
  3469 | D:4      | Reached skill level 5 in Necromancy
  3469 | D:4      | Reached skill level 5 in Translocations
  3469 | D:4      | Reached skill level 5 in Transmutations
  3469 | D:4      | Reached skill level 5 in Fire Magic
  3469 | D:4      | Reached skill level 5 in Ice Magic
  3469 | D:4      | Reached skill level 5 in Air Magic
  3469 | D:4      | Reached skill level 5 in Earth Magic
  3469 | D:4      | Reached skill level 5 in Poison Magic
  3469 | D:4      | Reached XP level 6. HP: 13/44 MP: 0/0
  3594 | D:4      | Found a sparkling altar of Nemelex Xobeh.
  3594 | D:4      | XOM: 5-stop teleportation journey
  3692 | D:4      | XOM: draining
  3719 | D:4      | Reached XP level 7. HP: 33/47 MP: 0/0
  3719 | D:4      | Learned a level 2 spell: Wereblood
  3729 | D:4      | XOM: 3-stop teleportation journey
  4045 | D:4      | Found a sacrificial altar of Ru.
  4149 | D:4      | Found a staircase to the Ecumenical Temple.
  4156 | Temple   | Entered the Ecumenical Temple
  4159 | Temple   | XOM: scenery: create altars
  4232 | D:4      | Found a burning altar of Makhleb.
  4236 | D:4      | XOM: summons friendly quasit
  4363 | D:4      | XOM: scenery: summon butterflies
  4741 | D:4      | XOM: give mutations
  4741 | D:4      | Gained mutation: Your spells are a little harder to cast,
                  | but a little more powerful. [Xom's grace]
  4741 | D:4      | Gained mutation: You have a pair of large antennae on your
                  | head. (SInv) [Xom's grace]
  4741 | D:4      | Gained mutation: You passively map a small area around you.
                  | [Xom's grace]
  4741 | D:4      | Gained mutation: You expend health (3 HP) to strengthen
                  | your wands. [Xom's grace]
  4927 | D:4      | XOM: scenery: create altars
  4981 | D:5      | XOM: stealth player
  4981 | D:5      | Entered Level 5 of the Dungeon
  5037 | D:5      | XOM: god gift: bubbling purple potion {god gift}
  5159 | D:5      | Reached XP level 8. HP: 53/56 MP: 0/0
  5256 | D:5      | XOM: scenery: summon butterflies
  5260 | D:5      | XOM: summons 8 friendly demons
  5310 | D:5      | XOM: cloud trail
  5369 | D:5      | Noticed Menkaure
  5373 | D:5      | XOM: scenery: summon butterflies
  5376 | D:5      | Killed Menkaure
  5521 | D:5      | XOM: give mutations
  5521 | D:5      | Gained mutation: You passively map the area around you.
                  | [Xom's grace]
  5538 | D:5      | XOM: god gift: 540 gold pieces
  5590 | D:5      | Noticed Ijyb
  5591 | D:5      | XOM: scenery: summon butterflies
  5602 | D:5      | Reached skill level 1 in Fighting
  5703 | D:4      | XOM: god gift: scroll labelled MILYCO WICRUT {god gift}
  5728 | D:4      | XOM: give mutations
  5728 | D:4      | Gained mutation: Your mind is acute. (Int +4, Str/Dex -1)
                  | [Xom's grace]
  5728 | D:4      | Gained mutation: You passively map a large area around you.
                  | [Xom's grace]
  5728 | D:4      | Gained mutation: Your muscles are strong. (Str +4, Int/Dex
                  | -1) [Xom's grace]
  5728 | D:4      | Gained mutation: You are strong-willed. (Will+) [Xom's
                  | grace]
  5791 | D:4      | XOM: summons friendly ufetubus
  5792 | D:4      | XOM: summons 6 friendly demons
  5796 | D:4      | Killed Ijyb
  5797 | D:4      | Reached XP level 9. HP: 23/62 MP: 0/0
  5797 | D:4      | Learned a level 4 spell: Summon Lightning Spire
  5877 | D:4      | XOM: polymorph ufetubus -> shadow imp
  6276 | D:5      | XOM: give mutations
  6276 | D:5      | Gained mutation: You are very robust. (+20% HP) [Xom's
                  | grace]
  6276 | D:5      | Gained mutation: Your flesh is almost immune to the effects
                  | of heat. (rF+++) [Xom's grace]
  6276 | D:5      | Gained mutation: You are mostly covered in iridescent
                  | scales. (AC +4) [Xom's grace]
  6276 | D:5      | Gained mutation: You are completely covered in iridescent
                  | scales. (AC +6) [Xom's grace]
  6504 | D:5      | XOM: god gift: scarf of resistance
  6839 | D:6      | Found a shimmering altar of Xom.
  6879 | D:6      | XOM: summons 2 friendly demons
  6883 | D:6      | Found a broken altar of Ashenzari.
  7186 | D:6      | Found a runed translucent door.
  7187 | D:6      | Noticed Crazy Yiuf
  7196 | D:6      | Killed Crazy Yiuf
  7241 | D:6      | XOM: cloud trail
  7378 | D:6      | XOM: 2-stop teleportation journey
  7711 | D:7      | XOM: scenery: 2 doors open
  7925 | D:7      | Identified the +1 ring mail of Orthodoxy {rF+ Stlth+}
  8066 | D:7      | Noticed an unseen horror
  8071 | D:7      | XOM: polymorph bullfrog -> steam dragon
  8073 | D:7      | Killed an unseen horror
  8076 | D:7      | XOM: scenery: 1 doors close
  8169 | D:7      | XOM: 2-stop teleportation journey
  8316 | D:7      | XOM: 3-stop teleportation journey
  8677 | D:7      | XOM: god gift: purple potion {god gift}
  8683 | D:7      | XOM: scenery: summon butterflies
  8706 | D:7      | Found Uburghir's Weapon Shoppe.
  8811 | D:7      | XOM: scenery: 1 doors close
  8858 | D:7      | XOM: scenery: 2 doors close
  8904 | D:8      | Noticed Maggie
  8912 | D:8      | Killed Maggie
  8913 | D:8      | Reached XP level 10. HP: 58/74 MP: 0/0
  8914 | D:8      | Found a hide-covered altar of Uskayaw.
  9065 | D:8      | XOM: cast spell 'Olgreb's Toxic Radiance'
  9149 | D:8      | Noticed Psyche
  9153 | D:8      | Killed Psyche
  9154 | D:8      | Reached skill level 10 in Spellcasting
  9154 | D:8      | Reached skill level 10 in Conjurations
  9154 | D:8      | Reached skill level 10 in Hexes
  9154 | D:8      | Reached skill level 10 in Summonings
  9154 | D:8      | Reached skill level 10 in Necromancy
  9154 | D:8      | Reached skill level 10 in Translocations
  9154 | D:8      | Reached skill level 10 in Transmutations
  9154 | D:8      | Reached skill level 10 in Fire Magic
  9154 | D:8      | Reached skill level 10 in Ice Magic
  9154 | D:8      | Reached skill level 10 in Air Magic
  9154 | D:8      | Reached skill level 10 in Earth Magic
  9154 | D:8      | Reached skill level 10 in Poison Magic
  9251 | D:8      | Noticed Joseph
  9269 | D:8      | XOM: cloud trail
  9274 | D:8      | Slain by Joseph

Illustrated notes

Levels and vault maps discovered:
D:1:      erik_arrival_orb_chamber, layout_loops_ring,
          shapermc_ecumenical_altar_mp_urbaneastern, serial_shops,
          shop_fountains
D:2:      layout_rooms, serial_co_window_serial, co_window_corner_a,
          co_window_paths_a, co_window_paths_b, co_window_corner_a,
          co_window_of_opportunity_a, co_window_corner_a, co_window_corner_a,
          co_window_of_opportunity_c, co_window_2corner, co_window_2corner,
          co_window_paths_c, co_window_of_opportunity_c, co_window_corner_b,
          co_window_of_opportunity_b, glass_columns_a, glass_columns_a,
          glass_columns_a, glass_columns_a, glass_columns_b,
          amcnicky_mini_rare_corridor_liquid, minivault_23, chequers_jeans
D:3:      layout_basic, minmay_misc_feat_columns
D:4:      layout_basic, nicolae_vehumet_altar_sigil, demons_altar,
          nemelex_dance_club_becter, nicolae_ru_awakened_eye,
          minmay_temple_entry_trees, minmay_snake_closets
D:5:      layout_loops_cross, portal_sewer_entry_f, nrook_mini_vaults,
          uniq_menkaure, uniq_ijyb
D:6:      layout_loops_ring, mainiacjoe_overflow_catwalk_spiral,
          uniq_crazy_yiuf_cottage
D:7:      layout_gridville, chequers_ossuary_entry_cave,
          serial_co_window_serial, co_window_paths_b,
          co_window_of_opportunity_a, co_window_corner_a, co_window_paths_a,
          co_window_corner_a, co_window_broadway_c, co_window_cross_4,
          co_window_corner_ca, glass_columns_b, glass_columns_a,
          glass_columns_b, serial_shops, nicolae_shop_stone,
          minmay_misc_feat_iff, grunt_tough_drop
D:8:      layout_loops_ring, mainiacjoe_overflow_boulevard, dpeg_oklobed_lair,
          uniq_psyche, uniq_prince_ribbit1, uniq_joseph, uniq_maggie
Temple:   nicolae_temple_godzebo

Skill      XL: |  1  2  3  4  5  6  7  8  9 10 |
---------------+-------------------------------+-----
Stealth        | 2 3 |  3.7
Dodging        | 3 4 |  4.6
Spellcasting   | 4 5 6 7 9 10 | 10.3
Conjurations   | 4 5 6 7 9 10 | 10.3
Hexes          | 4 5 6 7 9 10 | 10.3
Summonings     | 4 5 6 7 9 10 | 10.3
Necromancy     | 4 5 6 7 9 10 | 10.3
Translocations | 4 5 6 7 9 10 | 10.3
Transmutations | 4 5 6 7 9 10 | 10.3
Fire Magic     | 4 5 6 7 9 10 | 10.3
Ice Magic      | 4 5 6 7 9 10 | 10.3
Air Magic      | 4 5 6 7 9 10 | 10.3
Earth Magic    | 4 5 6 7 9 10 | 10.3
Poison Magic   | 4 5 6 7 9 10 | 10.3
Fighting       | 1 |  1.3
Polearms       | |  0.4
Evocations     | |  0.7

Action                     |  1- 3 |  4- 6 |  7- 9 | 10-12 || total
---------------------------+-------+-------+-------+-------++-------
  Melee: Spear             |       |       |    11 |       ||    11
         Bite              |       |       |     1 |       ||     1
   Cast: Freeze            |    23 |    22 |    72 |     7 ||   124
         Shock             |    24 |    39 |    71 |    10 ||   144
         Frozen Ramparts   |     4 |    14 |    41 |     6 ||    65
         Ozocubu's Armour  |       |     3 |     5 |     2 ||    10
         Summon Ice Beast  |       |     1 |     7 |     7 ||    15
         Wereblood         |       |       |     1 |       ||     1
         Scorch            |       |       |    12 |    16 ||    28
         Summon Lightning  |       |       |    11 |       ||    11
  Evoke: Wand              |       |       |     2 |       ||     2
    Use: Scroll            |     1 |     6 |     9 |       ||    16
         Potion            |       |     2 |     7 |     2 ||    11
 Armour: Robe              |    10 |    12 |    65 |    14 ||   101
  Dodge: Dodged            |    15 |     9 |    55 |    10 ||    89

Table legend: (Time is in decaauts)
 A = Elapsed time spent in this place.
 B = Non-inter-level travel time spent in this place.
 C = Inter-level travel time spent in this place.
 D = Time resting spent in this place.
 E = Time spent auto-exploring this place.
 F = Levels seen in this place.
 G = Mean time per level.
                   A        B        C        D        E       F      G
               +--------+--------+--------+--------+--------+-----+--------+
         Total |   9255 |   8640 |    615 |   2277 |   5220 |   9 | 1028.3 |
       Dungeon |   9193 |   8637 |    556 |   2277 |   5220 |   8 | 1149.1 |
        Temple |     61 |      2 |     59 |      0 |      0 |   1 |   61.0 |
               +--------+--------+--------+--------+--------+-----+--------+

Top non-repeatable levels by time:
     D:4: 1858 daAuts
     D:3: 1455 daAuts
     D:5: 1431 daAuts
     D:7: 1242 daAuts
     D:1: 964 daAuts
     D:2: 937 daAuts
     D:6: 924 daAuts
     D:8: 379 daAuts
  Temple: 61 daAuts
